 Dungeon Crawl Stone Soup version 0.27.0-66-gdc8fb28755 (webtiles) character file.

Game seed: 4395253244860654095

788 Spectrina the Covert (level 7, -7/35 HPs)
             Began as a Vampire Delver on Aug 20, 2021.
             Was a Follower of Yredelemnul.
             Mangled by Menkaure (16 damage)
             ... on level 6 of the Dungeon.
             The game lasted 00:15:20 (1768 turns).

Spectrina the Covert (Vampire Delver)               Turns: 1768, Time: 00:15:21

Health: -7/35      AC:  4    Str: 11    XL:     7   Next: 56%
Magic:  8/8        EV: 12    Int: 13    God:    Yredelemnul [*.....]
Gold:   241        SH:  0    Dex: 17    Spells: 6/6 levels left

rFire    . . .     SeeInvis +   f - +0 whip (elec)
rCold    + + .     Faith    .   (no shield)
rNeg     + + +     Spirit   .   b - +1 leather armour
rPois    ∞         Reflect  .   (no helmet)
rElec    .         Harm     .   (no cloak)
rCorr    .         Rampage  .   (no gloves)
Will     .....                  (no boots)
Stlth    +++++++...             C - amulet of magic regeneration
HPRegen  0.00/turn              (no ring)
MPRegen  0.36/turn              (no ring)

@: unable to read, bloodless, inhibited regen
A: bloodless, fangs 3, see invisible, vampiric 2, frail 1, inability to read
while threatened
a: Bat Form, Revivify, Renounce Religion, Animate Remains


You were on level 6 of the Dungeon.
You worshipped Yredelemnul.
Yredelemnul was aware of your devotion.
You visited 2 branches of the dungeon, and saw 9 of its levels.

You collected 241 gold pieces.

Inventory:

Hand Weapons
 a - a +0 short sword
 f - a +0 whip of electrocution (weapon)
 i - the +6 flail of Kihosoig {drain, Dex+5}
   (You found it on level 5 of the Dungeon)

   A truly terrible weapon, it drains the life of any living foe it strikes.
   Dex:       It affects your dexterity (+5).
 j - a +0 dagger
Missiles
 l - 38 arrows
 n - 7 bolts
 u - 36 sling bullets
 y - 14 poisoned darts (quivered)
Armour
 b - a +1 leather armour (worn)
 k - a +0 ring mail
Jewellery
 C - an amulet of magic regeneration (around neck)
Wands
 g - a wand of digging (3)
 B - a wand of polymorph (8)
 E - a wand of iceblast (6)
Scrolls
 c - a scroll of fog
 d - a scroll of magic mapping
 e - 2 scrolls of enchant weapon
 h - 2 scrolls of enchant armour
 m - a scroll of blinking
 r - a scroll of noise
 s - a scroll of brand weapon {unknown}
 v - a scroll of immolation {unknown}
 A - a scroll of teleportation {unknown}
Potions
 p - 2 potions of brilliance
 q - a potion of haste


   Skills:
 - Level 2.6 Fighting
 - Level 2.1 Short Blades
 * Level 3.6 Maces & Flails
 - Level 2.1 Dodging
 + Level 12.3 Stealth
 + Level 1.7 Invocations


You had 6 spell levels left.
You didn't know any spells.
Your spell library was empty.

Dungeon Overview and Level Annotations

Branches:
Dungeon (8/15)             Temple (1/1) D:5
   Lair: D:8-11

Altars:
Cheibriados
Gozag
Trog
Yredelemnul

Annotations:
D:5 2 transporters, Papr's ghost, novice MfTm
D:6 1 transporter, Menkaure


Innate Abilities, Weirdness & Mutations

You do not regenerate when monsters are visible.
You are frail without blood (-20% HP).
You can heal yourself when you bite living creatures.
You are immune to poison.
You have razor-sharp teeth.
You have supernaturally acute eyesight. (SInv)
You are afflicted with vampirism and can become a bat while bloodless.
You are frail. (-10% HP)
You sometimes lose the ability to read scrolls when taking damage.


Message History

Okay, then.
Okay, then.
You hear the crackle of electricity.
f - a +0 whip of electrocution (weapon)
Okay, then.
Okay, then.
Okay, then.
You closely miss Menkaure.
Menkaure rustles in an indecipherable tongue.
Menkaure hits you!
You hit Menkaure but do no damage. Menkaure closely misses you.
You hit Menkaure. You bite Menkaure, but do no damage.
Menkaure is lightly damaged.
Menkaure hits you!
* * * LOW HITPOINT WARNING * * *
It was a potion of magic.
Magic courses through your body. Menkaure barely misses you.
It was a potion of mutation.
You feel extremely strange.
You feel frail.
You lose the ability to read scrolls when threatened.
Menkaure closely misses you.
It was a potion of curing.
You feel better. Menkaure barely misses you. Menkaure hits you.
You feel threatened and lose the ability to read scrolls!
It was a potion of cancellation.
You feel magically purged.
Menkaure grins.
Menkaure hits you.
* * * LOW HITPOINT WARNING * * *
You cannot read scrolls in your current state!
You hit Menkaure but do no damage.
Menkaure is lightly damaged.
Menkaure closely misses you.
You barely miss Menkaure.
Menkaure is lightly damaged.
Menkaure barely misses you.
You closely miss Menkaure.
Menkaure is lightly damaged.
Menkaure hits you!
You die...
Yredelemnul claims you as an undead slave.

.# #..# ... #?.# #.#
#.# #..# ##.#
.#.########..#
...##.#.#.........##
...................#
.#..# #.##..####.#.#
....# #.##..# #M#.#
.#..###.##..# #@#..
<#..........# #.####
.##.###.##..# #.#
###.# #.##..####.#
###>###.##.......#
............######
.######.##.## .###
#.##.# ...####.##.#


You could see Menkaure (fast).

Vanquished Creatures
  A water moccasin (D:6)
  A black bear (D:5)
  2 ogres
  3 killer bees (D:8)
  A centaur skeleton (D:5)
  A jelly (D:5)
  An iron imp (D:5)
  A scorpion zombie (D:5)
  Natasha (D:4)
  2 iguanas
  A hound zombie (D:5)
  A hound skeleton (D:5)
  A howler monkey skeleton (D:5)
  4 adders
  A white imp (D:6)
  An ufetubus (D:4)
  2 ball pythons
  3 bats (D:1)
  3 endoplasms (D:1)
  4 goblins (D:1)
  2 hobgoblins (D:3)
  7 jackals
  2 kobolds
  A rat (D:3)
47 creatures vanquished.

Notes
Turn   | Place    | Note
-------+----------+-------------------------------------------
     0 | D:5      | Spectrina the Vampire Delver began the quest for the Orb.
     0 | D:5      | Reached XP level 1. HP: 17/17 MP: 1/1
   141 | D:7      | Noticed a wight
   154 | D:7      | Noticed a water moccasin
   193 | D:7      | Noticed an ogre
   257 | D:8      | Noticed a killer bee
   257 | D:8      | Noticed a killer bee
   257 | D:8      | Noticed a killer bee
   257 | D:8      | Noticed a killer bee
   257 | D:8      | Noticed a killer bee
   258 | D:8      | Killed a killer bee
   259 | D:8      | Reached skill level 9 in Stealth
   259 | D:8      | Reached XP level 2. HP: 18/18 MP: 2/2
   259 | D:8      | Gained mutation: You are afflicted with vampirism and can
                  | become a bat while bloodless. [Vampire growth]
   259 | D:8      | Reached XP level 3. HP: 22/22 MP: 3/3
   259 | D:8      | Killed a killer bee
   260 | D:8      | Reached XP level 4. HP: 27/27 MP: 4/4
   261 | D:8      | Reached skill level 10 in Stealth
   318 | D:6      | Found a transporter.
   341 | D:6      | Noticed an ice beast
   350 | D:6      | Reached XP level 5. HP: 13/31 MP: 5/5
   364 | D:5      | Found a transporter.
   422 | D:5      | Noticed an ogre
   431 | D:5      | Found a staircase to the Ecumenical Temple.
   432 | D:5      | Noticed a phantom
   508 | D:5      | Noticed a black bear
   528 | D:5      | Killed a black bear
   529 | D:5      | Reached skill level 1 in Maces & Flails
   529 | D:5      | Reached skill level 11 in Stealth
   529 | D:5      | Reached XP level 6. HP: 19/36 MP: 6/6
   619 | D:5      | Found a snail-covered altar of Cheibriados.
   698 | D:5      | Identified the +6 flail of Kihosoig {drain, Dex+5}
   711 | Temple   | Entered the Ecumenical Temple
   722 | Temple   | Became a worshipper of Yredelemnul the Dark
   875 | D:1      | Found a faded altar of an unknown god.
  1373 | D:4      | Noticed Natasha
  1380 | D:4      | Killed Natasha
  1380 | D:4      | Reached * piety under Yredelemnul
  1381 | D:4      | Reached XP level 7. HP: 40/40 MP: 7/7
  1585 | D:5      | Reached skill level 12 in Stealth
  1647 | D:5      | Found a transporter.
  1647 | D:5      | Noticed Papr's ghost (novice MfTm)
  1654 | D:5      | Reached skill level 1 in Invocations
  1750 | D:6      | Noticed Menkaure
  1763 | D:6      | Gained mutation: You are frail. (-10% HP) [potion of
                  | mutation]
  1763 | D:6      | Gained mutation: You sometimes lose the ability to read
                  | scrolls when taking damage. [potion of mutation]
  1768 | D:6      | Mangled by Menkaure

Illustrated notes

Levels and vault maps discovered:
D:1:      saegor_arrival_simple_a, layout_rooms, basic_ecumenical_altar,
          minmay_misc_feat_columns, minmay_heptomino_d4
D:2:      layout_rooms, minmay_worlds_worst_comb, uniq_sigmund
D:3:      layout_loops_corners, serial_shops, nicolae_shop_waterfront
D:4:      layout_loops_corners, minitemple, uniq_natasha
D:5:      layout_gridville, slow_altar_2, minmay_temple_entry_stoned_glass,
          gammafunk_ghost_mausoleum
D:6:      gammafunk_wand_slinger, layout_loops_ring, uniq_menkaure, uniq_edmund
D:7:      layout_basic
D:8:      layout_gridville, mainiacjoe_overflow_divided_tiny,
          nicolae_take_the_stairs
Temple:   nicolae_temple_elliptical

Skill      XL: |  1  2  3  4  5  6  7 |
---------------+----------------------+-----
Stealth        | 9 10 11 12 | 12.3
Maces & Flails | 1 2 3 |  3.6
Invocations    | 1 |  1.7
Fighting       | |  2.6
Short Blades   | |  2.1
Dodging        | |  2.1

Action                   |  1- 3 |  4- 6 |  7- 9 || total
-------------------------+-------+-------+-------++-------
Melee: Short sword       |     3 |     5 |       ||     8
       Whip              |       |    11 |     6 ||    17
       Dagger            |       |     5 |     2 ||     7
       Bite              |       |     2 |     2 ||     4
       Flail             |       |    44 |     9 ||    53
 Abil: Exsanguinate      |     1 |       |       ||     1
  Use: Scroll            |       |     6 |       ||     6
       Potion            |       |     3 |     5 ||     8
 Stab: Sleeping          |     3 |    28 |     2 ||    33
Armor: Leather armour    |       |    11 |     2 ||    13
Dodge: Dodged            |       |    43 |     8 ||    51
